Jets vs Red Wings
(R1)
Created - November 12, 2022 at 18:59
Goals
|
| Jets |
0 |
4 |
1 |
0 |
1 |
6 |
| Red Wings |
2 |
2 |
1 |
0 |
0 |
5 |
|
Shots
|
| Jets |
7 |
15 |
12 |
0 |
3 |
34 |
| Red Wings |
7 |
17 |
11 |
1 |
3 |
36 |
|
1st period
1. Red Wings , Connor Brown 6 (Ryan O'Byrne 3) at 2:25
2. Red Wings , T.J. Hensick 2 (Adam Gaudette 3) at 5:21
Penalties :
Adam Henrique (Win) for Roughing (Double Minor) at 7:08, Anthony Mantha (Win) for Slashing (Minor) at 13:30, Sam Reinhart (Win) for Holding (Minor) at 17:09
2nd period
3. Jets , Rickard Rakell 1 (Max Domi 1) at 3:19 (PP)
4. Red Wings , Rasmus Ristolainen 2 (Teuvo Teravainen 4) at 9:10 (PP)
5. Red Wings , Henrik Zetterberg 3 (Philip Samuelsson 3, Rasmus Ristolainen 2) at 13:39 (PP)
6. Jets , Ryan Johansen 2 (Adam Henrique 1, Dougie Hamilton 4) at 13:55
7. Jets , Ryan Johansen 3 (Adam Larsson 3) at 16:19 (SH)
8. Jets , Frank Vatrano 1 (Marco Scandella 1, Brent Burns 2) at 19:37
Penalties :
Drew Fata (Det) for Hooking (Minor) at 1:41, Henrik Zetterberg (Det) for Tripping (Minor) at 5:08, Kyle Okposo (Win) for Charging (Minor) at 7:48, Noel Acciari (Win) for Goalie Interference (Minor) at 10:15, Adam Henrique (Win) for Roughing (Minor) at 13:25, Marco Scandella (Win) for Holding (Minor) at 15:21
3rd period
9. Red Wings , Adam Gaudette 1 (T.J. Hensick 2) at 0:59
10. Jets , Ryan Johansen 4 (Adam Henrique 2) at 9:44
Penalties :
Tyler Toffoli (Win) for Slashing (Minor) at 12:07, Ryan Johansen (Win) for Hooking (Minor) at 15:58, Anthony Mantha (Win) for Holding (Minor) at 16:21
Overtime #1
No Goal
Penalties :
No Penalty
Shootout
Jets, Ryan Johansen - Stopped by Mike McKenna
Red Wings, Connor Brown - Stopped by Jacob Markstrom
Jets, Tyler Toffoli - Stopped by Mike McKenna
Red Wings, Marko Dano - Stopped by Jacob Markstrom
Jets, Adam Henrique - Goal!
Red Wings, Kris Versteeg - Shot Misses the Net
Penalties :
No Penalty
Goalie Stats
Elvis Merzlikins (Win), 14 saves from 18 shots - (0.778), 33:39 minutes
Jacob Markstrom (Win), 17 saves from 18 shots - (0.944), W, 2-4-0, 31:21 minutes
Mike McKenna (Det), 29 saves from 34 shots - (0.853), OTL, 1-0-1, 65:00 minutes
Players Stats for Jets
Player Name G A P +/- PIM S H SB GA TA FO MP PP MP PK MP
------------------------------------------------------------------------------------
Adam Henrique 0 2 2 1 6 3 1 1 0 1 1/1 18:02 2:11 1:42
Adam Larsson 0 1 1 3 0 0 2 1 0 1 0/0 22:22 1:11 6:27
Alexander Wennberg 0 0 0 0 0 0 1 0 0 0 6/9 13:18 1:26 1:23
Anthony Mantha 0 0 0 1 4 1 0 0 1 0 2/2 20:07 0:00 7:20
Brent Burns 0 1 1 -1 0 0 0 5 0 0 0/0 14:57 0:00 2:44
Dougie Hamilton 0 1 1 0 0 3 2 1 1 0 0/0 24:47 2:26 6:53
Frank Vatrano 1 0 1 -1 0 2 1 0 0 0 0/0 13:14 0:00 5:22
Jeff Schultz 0 0 0 -1 0 1 1 2 0 1 0/0 27:30 0:00 10:25
Jussi Jokinen 0 0 0 0 0 2 1 0 1 0 0/0 7:48 0:00 0:51
Kyle Okposo 0 0 0 -1 2 3 1 0 0 0 2/5 13:54 0:00 3:59
Marco Scandella 0 1 1 -1 2 3 2 3 1 0 0/0 24:10 1:11 8:41
Max Domi 0 1 1 -1 0 3 1 0 0 0 3/5 10:14 1:26 0:00
Noel Acciari 0 0 0 0 2 0 0 0 0 0 2/2 6:46 0:00 0:00
Rickard Rakell 1 0 1 0 0 3 3 1 0 0 1/3 18:50 1:26 5:10
Ryan Johansen 3 0 3 2 2 7 1 1 1 1 20/37 24:32 2:11 8:20
Sam Reinhart 0 0 0 0 2 2 0 0 1 0 0/0 7:30 0:00 0:00
Troy Stetcher 0 0 0 2 0 1 1 0 0 0 0/0 16:20 2:26 0:34
Tyler Toffoli 0 0 0 1 2 0 2 0 1 0 0/2 16:01 2:11 0:00
Players Stats for Red Wings
Player Name G A P +/- PIM S H SB GA TA FO MP PP MP PK MP
------------------------------------------------------------------------------------
Adam Gaudette 1 1 2 1 0 1 2 0 0 0 0/0 8:35 0:51 0:00
Carson Mcmillan 0 0 0 0 0 2 0 1 0 0 0/0 14:27 0:48 2:30
Cody Franson 0 0 0 2 0 0 1 0 0 0 0/0 10:38 0:48 0:00
Connor Brown 1 0 1 -1 0 7 1 0 0 0 2/3 23:21 9:55 0:00
David Rundblad 0 0 0 0 0 0 0 1 0 0 0/0 14:02 0:10 2:28
Drew Fata 0 0 0 0 2 1 1 1 0 2 0/0 22:20 7:37 1:09
Henrik Zetterberg 1 0 1 -1 2 4 2 0 1 1 16/34 21:59 9:50 0:00
Kris Versteeg 0 0 0 -1 0 2 1 0 0 0 0/0 17:11 7:06 0:00
Marko Dano 0 0 0 -1 0 4 0 0 0 3 1/2 24:24 9:50 0:26
Michael Haley 0 0 0 0 0 0 1 0 0 0 1/5 10:37 0:18 0:41
Mike Richards 0 0 0 -1 0 2 2 0 1 0 3/11 20:08 7:06 1:07
Philip Samuelsson 0 1 1 -3 0 2 1 1 0 0 0/0 30:36 10:05 0:50
Rasmus Ristolainen 1 1 2 -3 0 5 1 3 1 1 0/0 29:40 10:05 0:00
Ryan O'Byrne 0 1 1 2 0 0 0 1 0 0 0/0 14:17 0:00 2:47
Sergei Kostitsyn 0 0 0 0 0 1 1 1 0 0 0/0 8:36 0:00 0:00
T.J. Hensick 1 1 2 1 0 1 1 0 0 0 6/11 11:31 0:08 2:30
Teuvo Teravainen 0 1 1 -1 0 3 1 0 1 0 0/0 17:58 7:06 0:00
Tyler Bertuzzi 0 0 0 1 0 1 1 0 0 0 0/0 16:01 7:37 0:00
3 Stars
1 - Ryan Johansen (Win)
2 - Adam Gaudette (Det)
3 - T.J. Hensick (Det)
Power Play
Jets - 1 on 2 Attempt(s) - 50.00%
Red Wings - 2 on 11 Attempt(s) - 18.18%
Penalty Kill
Jets - 9 on 11 Attempt(s) - 81.82%
- Score 1 goal in Penalty Kill
Red Wings - 1 on 2 Attempt(s) - 50.00%
- Score 0 goal in Penalty Kill
Team Stat
Jets - Hits : 20 - Faceoff Wins : 37 - Blocked Shots : 15 - Penalty Minutes : 22
Red Wings - Hits : 17 - Faceoff Wins : 29 - Blocked Shots : 9 - Penalty Minutes : 4
Official
Referees : Reid Anderson and Graham Skilliter
Linesman : Ryan Galloway and Trent Knorr
Game Notes
Jacob Markstrom enters game at 13:39 of 2nd period
Ryan Johansen has scored a Hat Trick!
Finance
Level 1 -- Attendance: 5915 (98.58%) -- Ticket Income $591,500
Level 2 -- Attendance: 4688 (93.76%) -- Ticket Income $281,280
Level 3 -- Attendance: 2000 (100.00%) -- Ticket Income $70,000
Level 4 -- Attendance: 3704 (92.60%) -- Ticket Income $92,600
Luxury Box -- Attendance: 1000 (100.00%) -- Ticket Income $200,000
Game was played at the Little Caesars arena.
Total Attendance: 17307 (96.15%)
Total Ticket Income: $1,235,380
Other Income: $185,307
Total Income: $1,420,687
Jets
5 vs 5 Forward
Center Left Wing Right Wing Time % Phy DF OF
1 Ryan Johansen Adam Henrique Tyler Toffoli 40 2 1 2
2 Alexander Wennberg Rickard Rakell Anthony Mantha 30 2 1 2
3 Max Domi Frank Vatrano Kyle Okposo 20 2 1 2
4 Noel Acciari Jussi Jokinen Sam Reinhart 10 1 2 2
5 vs 5 Defense
Defense Defense Time % Phy DF OF
1 Jeff Schultz Dougie Hamilton 40 1 2 2
2 Troy Stetcher Adam Larsson 30 1 2 2
3 Brent Burns Marco Scandella 30 1 2 2
4 Marco Scandella Adam Larsson 0 1 2 2
PowerPlay Forward
Center Left Wing Right Wing Time % Phy DF OF
1 Ryan Johansen Adam Henrique Tyler Toffoli 60 0 0 5
2 Max Domi Rickard Rakell Alexander Wennberg 40 0 0 5
PowerPlay Defense
Defense Defense Time % Phy DF OF
1 Troy Stetcher Dougie Hamilton 60 0 1 4
2 Adam Larsson Marco Scandella 40 0 1 4
Penalty Kill 4 Players Forward
Center Wing Time % Phy DF OF
1 Ryan Johansen Anthony Mantha 60 0 4 1
2 Rickard Rakell Frank Vatrano 40 0 4 1
Penalty Kill 4 Players Defense
Defense Defense Time % Phy DF OF
1 Jeff Schultz Marco Scandella 60 1 4 0
2 Dougie Hamilton Adam Larsson 40 1 4 0
Penalty Kill - 3 Players Forward
Forward Time % Phy DF OF
1 Ryan Johansen 60 0 4 1
2 Adam Henrique 40 0 4 1
Penalty Kill - 3 Players Defense
Defense Defense Time % Phy DF OF
1 Jeff Schultz Marco Scandella 60 1 4 0
2 Dougie Hamilton Brent Burns 40 1 4 0
4 vs 4 Forward
Center Wing Time % Phy DF OF
1 Ryan Johansen Tyler Toffoli 60 1 2 2
2 Max Domi Anthony Mantha 40 1 2 2
4 vs 4 Defense
Defense Defense Time % Phy DF OF
1 Adam Larsson Marco Scandella 60 1 2 2
2 Dougie Hamilton Jeff Schultz 40 1 2 2
Last Minutes Offensive
Center Left Wing Right Wing Defense Defense
Ryan Johansen Jussi Jokinen Tyler Toffoli Jeff Schultz Marco Scandella
Last Minutes Defensive
Center Left Wing Right Wing Defense Defense
Ryan Johansen Jussi Jokinen Tyler Toffoli Jeff Schultz Marco Scandella
Goaltenders
Starting : Elvis Merzlikins
Backup : Jacob Markstrom
Extra Forwards
Normal : Kyle Okposo, Rickard Rakell, Anthony Mantha - PP : Kyle Okposo, Rickard Rakell - PK : Kyle Okposo
Extra Defensemen
Normal : Dougie Hamilton, Adam Larsson, Troy Stetcher - PP : Brent Burns - PK : Brent Burns, Troy Stetcher
Penalty Shots
Ryan Johansen, Tyler Toffoli, Adam Henrique, Jussi Jokinen, Kyle Okposo
Scratches
None
Red Wings
5 vs 5 Forward
Center Left Wing Right Wing Time % Phy DF OF
1 Henrik Zetterberg Marko Dano Connor Brown 40 1 2 2
2 Mike Richards Teuvo Teravainen Kris Versteeg 30 1 2 2
3 T.J. Hensick Tyler Bertuzzi Adam Gaudette 20 1 2 2
4 Michael Haley Sergei Kostitsyn Carson Mcmillan 10 1 2 2
5 vs 5 Defense
Defense Defense Time % Phy DF OF
1 Rasmus Ristolainen Philip Samuelsson 40 0 2 3
2 Drew Fata David Rundblad 30 1 2 2
3 Ryan O'Byrne Cody Franson 20 1 2 2
4 Ryan O'Byrne Cody Franson 10 1 2 2
PowerPlay Forward
Center Left Wing Right Wing Time % Phy DF OF
1 Henrik Zetterberg Marko Dano Connor Brown 60 1 2 2
2 Mike Richards Teuvo Teravainen Kris Versteeg 40 1 2 2
PowerPlay Defense
Defense Defense Time % Phy DF OF
1 Rasmus Ristolainen Philip Samuelsson 60 1 2 2
2 Drew Fata Tyler Bertuzzi 40 1 2 2
Penalty Kill 4 Players Forward
Center Wing Time % Phy DF OF
1 T.J. Hensick Carson Mcmillan 60 1 2 2
2 Mike Richards Michael Haley 40 1 2 2
Penalty Kill 4 Players Defense
Defense Defense Time % Phy DF OF
1 Ryan O'Byrne Drew Fata 60 1 2 2
2 David Rundblad Philip Samuelsson 40 1 2 2
Penalty Kill - 3 Players Forward
Forward Time % Phy DF OF
1 Carson Mcmillan 60 1 2 2
2 Michael Haley 40 1 2 2
Penalty Kill - 3 Players Defense
Defense Defense Time % Phy DF OF
1 Drew Fata Ryan O'Byrne 60 1 2 2
2 David Rundblad Philip Samuelsson 40 1 2 2
4 vs 4 Forward
Center Wing Time % Phy DF OF
1 Connor Brown Marko Dano 60 1 2 2
2 Mike Richards Teuvo Teravainen 40 1 2 2
4 vs 4 Defense
Defense Defense Time % Phy DF OF
1 Rasmus Ristolainen Ryan O'Byrne 60 1 2 2
2 Drew Fata Philip Samuelsson 40 1 2 2
Last Minutes Offensive
Center Left Wing Right Wing Defense Defense
Henrik Zetterberg Marko Dano Connor Brown Rasmus Ristolainen Philip Samuelsson
Last Minutes Defensive
Center Left Wing Right Wing Defense Defense
T.J. Hensick Michael Haley Carson Mcmillan Drew Fata Ryan O'Byrne
Goaltenders
Starting : Mike McKenna
Backup : Olivier Roy
Extra Forwards
Normal : Carson Mcmillan, Mike Richards, T.J. Hensick - PP : Adam Gaudette, Carson Mcmillan - PK : T.J. Hensick
Extra Defensemen
Normal : Cody Franson, David Rundblad, Drew Fata - PP : Cody Franson - PK : David Rundblad, Drew Fata
Penalty Shots
Connor Brown, Marko Dano, Kris Versteeg, Teuvo Teravainen, Henrik Zetterberg
Scratches
Dylan Larkin (Bruised Right Shoulder Injury), Tomas Kundratek (Healthy), Robin Lehner (Healthy)
% Time on Ice - Jets
Lines # - Real PCT - Wanted PCT - Time Play
Normal Forward
1 - 35% - 40% - 13:19
2 - 28% - 30% - 10:55
3 - 20% - 20% - 7:37
4 - 17% - 10% - 6:40
Normal Defense
1 - 40% - 40% - 15:31
2 - 32% - 30% - 12:25
3 - 27% - 30% - 10:35
4 - 0% - 0% - 0:00
PP Forward
1 - 60% - 60% - 2:11
2 - 40% - 40% - 1:26
PP Defense
1 - 67% - 60% - 2:26
2 - 33% - 40% - 1:11
PK Forward
1 - 68% - 60% - 11:06
2 - 32% - 40% - 5:10
PK Defense
1 - 60% - 60% - 9:49
2 - 40% - 40% - 6:27
PK3 Forward
1 - 100% - 60% - 1:36
2 - 0% - 40% - 0:00
PK3 Defense
1 - 73% - 60% - 1:10
2 - 27% - 40% - 0:26
44 Forward
1 - 77% - 60% - 3:51
2 - 23% - 40% - 1:09
44 Defense
1 - 64% - 60% - 3:13
2 - 36% - 40% - 1:47
Last Minute Offensive - 0:00
Last Minute Defensive - 0:00
Total
Forward - 65:00
Defense - 65:00
|
% Time on Ice - Red Wings
Lines # - Real PCT - Wanted PCT - Time Play
Normal Forward
1 - 32% - 40% - 12:14
2 - 27% - 30% - 10:35
3 - 18% - 20% - 7:06
4 - 22% - 10% - 8:36
Normal Defense
1 - 44% - 40% - 17:03
2 - 32% - 30% - 12:30
3 - 19% - 20% - 7:20
4 - 4% - 10% - 1:38
PP Forward
1 - 59% - 60% - 10:36
2 - 41% - 40% - 7:16
PP Defense
1 - 56% - 60% - 10:05
2 - 44% - 40% - 7:47
PK Forward
1 - 81% - 60% - 2:56
2 - 19% - 40% - 0:41
PK Defense
1 - 77% - 60% - 2:47
2 - 23% - 40% - 0:50
PK3 Forward
1 - 0% - 60%
2 - 0% - 40%
PK3 Defense
1 - 0% - 60%
2 - 0% - 40%
44 Forward
1 - 84% - 60% - 4:13
2 - 16% - 40% - 0:47
44 Defense
1 - 60% - 60% - 3:00
2 - 40% - 40% - 2:00
Last Minute Offensive - 0:00
Last Minute Defensive - 0:00
Total
Forward - 65:00
Defense - 65:00
|
Play-by-Play
1st period
0:01 of 1st period - Henrik Zetterberg wins face-off versus Ryan Johansen in neutral zone.
0:26 of 1st period - Rasmus Ristolainen is hit by Rickard Rakell and loses puck.
0:55 of 1st period - Snap shot by Max Domi.
0:55 of 1st period - Deflect By Kyle Okposo.
0:55 of 1st period - Stopped by Mike McKenna without a rebound.
0:56 of 1st period - Noel Acciari wins face-off versus Michael Haley in Red Wings zone.
1:21 of 1st period - Drew Fata is hit by Adam Henrique and loses puck.
1:32 of 1st period - Slapshot by Ryan Johansen.
1:32 of 1st period - Stopped by Mike McKenna without a rebound.
1:33 of 1st period - Alexander Wennberg wins face-off versus Mike Richards in Red Wings zone.
1:48 of 1st period - Snap shot by Rickard Rakell.
1:48 of 1st period - Stopped by Mike McKenna with a rebound.
1:58 of 1st period - Troy Stetcher is hit by Cody Franson and loses puck.
2:25 of 1st period - Snap shot by Connor Brown.
2:25 of 1st period - Goal by Connor Brown - Jets : 0 - Red Wings : 1.
2:26 of 1st period - Alexander Wennberg wins face-off versus Henrik Zetterberg in neutral zone.
2:54 of 1st period - Off-side.
2:55 of 1st period - Ryan Johansen wins face-off versus Mike Richards in neutral zone.
3:00 of 1st period - Cody Franson is hit by Jeff Schultz and loses puck.
4:59 of 1st period - Wrist shot by Kyle Okposo.
4:59 of 1st period - Stopped by Mike McKenna without a rebound.
5:00 of 1st period - Anthony Mantha wins face-off versus Henrik Zetterberg in Red Wings zone.
5:03 of 1st period - Snap shot by Rickard Rakell.
5:03 of 1st period - Shot Misses the Net.
5:07 of 1st period - Snap shot by Alexander Wennberg.
5:07 of 1st period - Shot Misses the Net.
5:09 of 1st period - Snap shot by Dougie Hamilton.
5:09 of 1st period - Shot Blocked by David Rundblad.
5:11 of 1st period - Slapshot by Dougie Hamilton.
5:11 of 1st period - Stopped by Mike McKenna without a rebound.
5:12 of 1st period - T.J. Hensick wins face-off versus Ryan Johansen in Red Wings zone.
5:21 of 1st period - Snap shot by T.J. Hensick.
5:21 of 1st period - Goal by T.J. Hensick - Jets : 0 - Red Wings : 2.
5:22 of 1st period - Adam Henrique wins face-off versus Mike Richards in neutral zone.
5:37 of 1st period - Wrist shot by Mike Richards.
5:37 of 1st period - Stopped by Elvis Merzlikins with a rebound.
5:49 of 1st period - Marko Dano is hit by Max Domi and loses puck.
6:44 of 1st period - Slapshot by Sam Reinhart.
6:44 of 1st period - Deflect By Jussi Jokinen.
6:44 of 1st period - Shot Misses the Net.
6:44 of 1st period - Puck is out of play.
6:45 of 1st period - Henrik Zetterberg wins face-off versus Tyler Toffoli in Red Wings zone.
7:02 of 1st period - Wrist shot by Connor Brown.
7:02 of 1st period - Stopped by Elvis Merzlikins with a rebound.
7:08 of 1st period - Double Minor Penalty to Adam Henrique for Roughing.
7:09 of 1st period - Ryan Johansen wins face-off versus Henrik Zetterberg in Jets zone.
7:56 of 1st period - Frank Vatrano is hit by Tyler Bertuzzi and loses puck.
8:57 of 1st period - Henrik Zetterberg is hit by Dougie Hamilton and loses puck.
9:30 of 1st period - Anthony Mantha is hit by Adam Gaudette and loses puck.
10:36 of 1st period - Adam Gaudette is hit by Ryan Johansen and loses puck.
10:53 of 1st period - Kyle Okposo is hit by Rasmus Ristolainen and loses puck.
11:08 of 1st period - Penalty to Adam Henrique is over, Adam Henrique is back on ice.
11:24 of 1st period - Snap shot by Adam Henrique.
11:24 of 1st period - Stopped by Mike McKenna without a rebound.
11:25 of 1st period - T.J. Hensick wins face-off versus Alexander Wennberg in Red Wings zone.
12:05 of 1st period - Frank Vatrano is hit by Henrik Zetterberg and loses puck.
12:33 of 1st period - Off-side.
12:34 of 1st period - Ryan Johansen wins face-off versus T.J. Hensick in neutral zone.
13:17 of 1st period - Snap shot by Carson Mcmillan.
13:17 of 1st period - Stopped by Elvis Merzlikins without a rebound.
13:18 of 1st period - Michael Haley wins face-off versus Alexander Wennberg in Jets zone.
13:19 of 1st period - Wrist shot by Sergei Kostitsyn.
13:19 of 1st period - Shot Misses the Net.
13:30 of 1st period - Minor Penalty to Anthony Mantha for Slashing.
13:31 of 1st period - Kyle Okposo wins face-off versus Henrik Zetterberg in Jets zone.
14:13 of 1st period - Wrist shot by Teuvo Teravainen.
14:13 of 1st period - Stopped by Elvis Merzlikins with a rebound.
15:30 of 1st period - Penalty to Anthony Mantha is over, Anthony Mantha is back on ice.
15:43 of 1st period - Snap shot by Adam Gaudette.
15:43 of 1st period - Shot Misses the Net.
15:45 of 1st period - Slapshot by Cody Franson.
15:45 of 1st period - Shot Blocked by Adam Larsson.
16:13 of 1st period - Snap shot by Jussi Jokinen.
16:13 of 1st period - Stopped by Mike McKenna with a rebound.
16:19 of 1st period - Snap shot by Jussi Jokinen.
16:19 of 1st period - Shot Blocked by Drew Fata.
16:21 of 1st period - Slapshot by Noel Acciari.
16:21 of 1st period - Shot Misses the Net.
16:49 of 1st period - Slapshot by Carson Mcmillan.
16:49 of 1st period - Shot Misses the Net.
17:07 of 1st period - Wrist shot by Teuvo Teravainen.
17:07 of 1st period - Shot Misses the Net.
17:09 of 1st period - Minor Penalty to Sam Reinhart for Holding.
17:10 of 1st period - Ryan Johansen wins face-off versus Henrik Zetterberg in Jets zone.
17:23 of 1st period - Snap shot by Connor Brown.
17:23 of 1st period - Shot Misses the Net.
19:09 of 1st period - Penalty to Sam Reinhart is over, Sam Reinhart is back on ice.
19:37 of 1st period - Slapshot by Rasmus Ristolainen.
19:37 of 1st period - Stopped by Elvis Merzlikins with a rebound.
19:52 of 1st period - Troy Stetcher is hit by T.J. Hensick and loses puck.
Goals for this period are 0 for Jets vs 2 for Red Wings.
Shots for this period are 7 for Jets vs 7 for Red Wings.
2nd period
0:01 of 2nd period - Alexander Wennberg wins face-off versus Henrik Zetterberg in neutral zone.
0:08 of 2nd period - Snap shot by Rickard Rakell.
0:08 of 2nd period - Shot Misses the Net.
0:41 of 2nd period - Teuvo Teravainen is hit by Tyler Toffoli.
0:57 of 2nd period - Snap shot by Philip Samuelsson.
0:57 of 2nd period - Deflect By Frank Vatrano.
0:57 of 2nd period - Stopped by Elvis Merzlikins with a rebound.
1:15 of 2nd period - Snap shot by Marko Dano.
1:15 of 2nd period - Stopped by Elvis Merzlikins with a rebound.
1:31 of 2nd period - Michael Haley is hit by Rickard Rakell and loses puck.
1:41 of 2nd period - Minor Penalty to Drew Fata for Hooking.
1:42 of 2nd period - Ryan Johansen wins face-off versus T.J. Hensick in Red Wings zone.
1:42 of 2nd period - Snap shot by Adam Henrique.
1:42 of 2nd period - Stopped by Mike McKenna with a rebound.
1:56 of 2nd period - Snap shot by Ryan Johansen.
1:56 of 2nd period - Stopped by Mike McKenna without a rebound.
1:57 of 2nd period - T.J. Hensick wins face-off versus Ryan Johansen in Red Wings zone.
2:28 of 2nd period - Snap shot by Max Domi.
2:28 of 2nd period - Stopped by Mike McKenna without a rebound.
2:29 of 2nd period - Ryan Johansen wins face-off versus T.J. Hensick in Red Wings zone.
2:40 of 2nd period - Slapshot by Adam Henrique.
2:40 of 2nd period - Stopped by Mike McKenna with a rebound.
2:42 of 2nd period - Snap shot by Ryan Johansen.
2:42 of 2nd period - Shot Misses the Net.
2:44 of 2nd period - Slapshot by Marco Scandella.
2:44 of 2nd period - Stopped by Mike McKenna without a rebound.
2:45 of 2nd period - T.J. Hensick wins face-off versus Ryan Johansen in Red Wings zone.
3:19 of 2nd period - Slapshot by Max Domi.
3:19 of 2nd period - Deflect By Rickard Rakell.
3:19 of 2nd period - Goal by Rickard Rakell - Jets : 1 - Red Wings : 2.
3:20 of 2nd period - Ryan Johansen wins face-off versus Henrik Zetterberg in neutral zone.
3:23 of 2nd period - Slapshot by Jeff Schultz.
3:23 of 2nd period - Shot Blocked by Rasmus Ristolainen.
3:47 of 2nd period - Mike Richards is hit by Alexander Wennberg and loses puck.
5:08 of 2nd period - Minor Penalty to Henrik Zetterberg for Tripping.
5:09 of 2nd period - T.J. Hensick wins face-off versus Ryan Johansen in Red Wings zone.
5:16 of 2nd period - Slapshot by Carson Mcmillan.
5:16 of 2nd period - Shot Misses the Net.
5:40 of 2nd period - Snap shot by Alexander Wennberg.
5:40 of 2nd period - Shot Blocked by Ryan O'Byrne.
5:42 of 2nd period - Snap shot by Alexander Wennberg.
5:42 of 2nd period - Deflect By Max Domi.
5:42 of 2nd period - Stopped by Mike McKenna without a rebound.
5:43 of 2nd period - Max Domi wins face-off versus T.J. Hensick in Red Wings zone.
6:30 of 2nd period - Tyler Toffoli is hit by Drew Fata and loses puck.
7:08 of 2nd period - Penalty to Henrik Zetterberg is over, Henrik Zetterberg is back on ice.
7:13 of 2nd period - Marko Dano is hit by Jussi Jokinen and loses puck.
7:18 of 2nd period - Snap shot by Jussi Jokinen.
7:18 of 2nd period - Stopped by Mike McKenna with a rebound.
7:20 of 2nd period - Snap shot by Sam Reinhart.
7:20 of 2nd period - Shot Misses the Net.
7:42 of 2nd period - Snap shot by Tyler Bertuzzi.
7:42 of 2nd period - Shot Blocked by Brent Burns.
7:48 of 2nd period - Minor Penalty to Kyle Okposo for Charging.
7:49 of 2nd period - Henrik Zetterberg wins face-off versus Ryan Johansen in Jets zone.
7:52 of 2nd period - Wrist shot by Connor Brown.
7:52 of 2nd period - Stopped by Elvis Merzlikins without a rebound.
7:53 of 2nd period - Ryan Johansen wins face-off versus Henrik Zetterberg in Jets zone.
8:54 of 2nd period - Snap shot by Marko Dano.
8:54 of 2nd period - Deflect By Henrik Zetterberg.
8:54 of 2nd period - Shot Misses the Net.
8:54 of 2nd period - Puck is out of play.
8:55 of 2nd period - Mike Richards wins face-off versus Ryan Johansen in Jets zone.
8:58 of 2nd period - Snap shot by Kris Versteeg.
8:58 of 2nd period - Stopped by Elvis Merzlikins without a rebound.
8:59 of 2nd period - Ryan Johansen wins face-off versus Mike Richards in Jets zone.
9:10 of 2nd period - Slapshot by Rasmus Ristolainen.
9:10 of 2nd period - Goal by Rasmus Ristolainen - Jets : 1 - Red Wings : 3.
9:11 of 2nd period - Ryan Johansen wins face-off versus Mike Richards in neutral zone.
9:27 of 2nd period - Snap shot by Teuvo Teravainen.
9:27 of 2nd period - Shot Misses the Net.
10:01 of 2nd period - Kyle Okposo is hit by Adam Gaudette and loses puck.
10:15 of 2nd period - Minor Penalty to Noel Acciari for Goalie Interference.
10:16 of 2nd period - Ryan Johansen wins face-off versus Henrik Zetterberg in Jets zone.
10:51 of 2nd period - Snap shot by Teuvo Teravainen.
10:51 of 2nd period - Shot Blocked by Rickard Rakell.
10:53 of 2nd period - Slapshot by Mike Richards.
10:53 of 2nd period - Stopped by Elvis Merzlikins with a rebound.
11:03 of 2nd period - Anthony Mantha is hit by Connor Brown and loses puck.
12:15 of 2nd period - Penalty to Noel Acciari is over, Noel Acciari is back on ice.
12:21 of 2nd period - Snap shot by Ryan Johansen.
12:21 of 2nd period - Stopped by Mike McKenna without a rebound.
12:22 of 2nd period - Max Domi wins face-off versus Michael Haley in Red Wings zone.
12:29 of 2nd period - Wrist shot by Max Domi.
12:29 of 2nd period - Deflect By Frank Vatrano.
12:29 of 2nd period - Stopped by Mike McKenna without a rebound.
12:30 of 2nd period - Max Domi wins face-off versus Michael Haley in Red Wings zone.
12:41 of 2nd period - Frank Vatrano is hit by Michael Haley and loses puck.
13:05 of 2nd period - Slapshot by Carson Mcmillan.
13:05 of 2nd period - Stopped by Elvis Merzlikins without a rebound.
13:06 of 2nd period - Ryan Johansen wins face-off versus Henrik Zetterberg in Jets zone.
13:23 of 2nd period - Snap shot by Connor Brown.
13:23 of 2nd period - Shot Misses the Net.
13:25 of 2nd period - Minor Penalty to Adam Henrique for Roughing.
13:26 of 2nd period - Henrik Zetterberg wins face-off versus Ryan Johansen in Jets zone.
13:27 of 2nd period - Wrist shot by Marko Dano.
13:27 of 2nd period - Shot Misses the Net.
13:29 of 2nd period - Wrist shot by Connor Brown.
13:29 of 2nd period - Stopped by Elvis Merzlikins with a rebound.
13:31 of 2nd period - Snap shot by Philip Samuelsson.
13:31 of 2nd period - Stopped by Elvis Merzlikins with a rebound.
13:33 of 2nd period - Snap shot by Connor Brown.
13:33 of 2nd period - Shot Misses the Net.
13:35 of 2nd period - Slapshot by Rasmus Ristolainen.
13:35 of 2nd period - Deflect By Anthony Mantha.
13:35 of 2nd period - Stopped by Elvis Merzlikins with a rebound.
13:37 of 2nd period - Slapshot by Philip Samuelsson.
13:37 of 2nd period - Shot Blocked by Marco Scandella.
13:39 of 2nd period - Backhand shot by Henrik Zetterberg.
13:39 of 2nd period - Goal by Henrik Zetterberg - Jets : 1 - Red Wings : 4.
13:39 of 2nd period - Jacob Markstrom enters game.
13:40 of 2nd period - Ryan Johansen wins face-off versus Henrik Zetterberg in neutral zone.
13:55 of 2nd period - Snap shot by Ryan Johansen.
13:55 of 2nd period - Goal by Ryan Johansen - Jets : 2 - Red Wings : 4.
13:56 of 2nd period - Henrik Zetterberg wins face-off versus Tyler Toffoli in neutral zone.
14:11 of 2nd period - Slapshot by Dougie Hamilton.
14:11 of 2nd period - Stopped by Mike McKenna with a rebound.
14:13 of 2nd period - Wrist shot by Adam Henrique.
14:13 of 2nd period - Shot Blocked by Rasmus Ristolainen.
15:21 of 2nd period - Minor Penalty to Marco Scandella for Holding.
15:22 of 2nd period - Henrik Zetterberg wins face-off versus Ryan Johansen in Jets zone.
15:29 of 2nd period - Slapshot by Henrik Zetterberg.
15:29 of 2nd period - Stopped by Jacob Markstrom with a rebound.
15:31 of 2nd period - Slapshot by Philip Samuelsson.
15:31 of 2nd period - Deflect By Henrik Zetterberg.
15:31 of 2nd period - Stopped by Jacob Markstrom with a rebound.
15:33 of 2nd period - Snap shot by Connor Brown.
15:33 of 2nd period - Shot Blocked by Brent Burns.
15:35 of 2nd period - Wrist shot by Marko Dano.
15:35 of 2nd period - Shot Misses the Net.
15:37 of 2nd period - Slapshot by Rasmus Ristolainen.
15:37 of 2nd period - Stopped by Jacob Markstrom with a rebound.
15:39 of 2nd period - Slapshot by Rasmus Ristolainen.
15:39 of 2nd period - Shot Blocked by Jeff Schultz.
15:49 of 2nd period - Wrist shot by Kris Versteeg.
15:49 of 2nd period - Stopped by Jacob Markstrom with a rebound.
15:51 of 2nd period - Slapshot by Tyler Bertuzzi.
15:51 of 2nd period - Shot Blocked by Brent Burns.
15:53 of 2nd period - Slapshot by Kris Versteeg.
15:53 of 2nd period - Shot Blocked by Jeff Schultz.
15:55 of 2nd period - Slapshot by Drew Fata.
15:55 of 2nd period - Shot Misses the Net.
15:57 of 2nd period - Wrist shot by Teuvo Teravainen.
15:57 of 2nd period - Shot Misses the Net.
15:59 of 2nd period - Slapshot by Drew Fata.
15:59 of 2nd period - Stopped by Jacob Markstrom without a rebound.
16:00 of 2nd period - Henrik Zetterberg wins face-off versus Rickard Rakell in Jets zone.
16:03 of 2nd period - Snap shot by Connor Brown.
16:03 of 2nd period - Deflect By Marko Dano.
16:03 of 2nd period - Stopped by Jacob Markstrom without a rebound.
16:04 of 2nd period - Henrik Zetterberg wins face-off versus Rickard Rakell in Jets zone.
16:09 of 2nd period - Slapshot by Rasmus Ristolainen.
16:09 of 2nd period - Deflect By Marko Dano.
16:09 of 2nd period - Shot Blocked by Dougie Hamilton.
16:09 of 2nd period - Puck is out of play.
16:10 of 2nd period - Rickard Rakell wins face-off versus Henrik Zetterberg in Jets zone.
16:19 of 2nd period - Snap shot by Ryan Johansen.
16:19 of 2nd period - Goal by Ryan Johansen - Jets : 3 - Red Wings : 4.
16:20 of 2nd period - Henrik Zetterberg wins face-off versus Ryan Johansen in neutral zone.
17:21 of 2nd period - Penalty to Marco Scandella is over, Marco Scandella is back on ice.
17:37 of 2nd period - Tyler Bertuzzi is hit by Troy Stetcher and loses puck.
18:42 of 2nd period - Jeff Schultz is hit by Philip Samuelsson and loses puck.
19:31 of 2nd period - Slapshot by Marco Scandella.
19:31 of 2nd period - Stopped by Mike McKenna with a rebound.
19:33 of 2nd period - Snap shot by Frank Vatrano.
19:33 of 2nd period - Shot Misses the Net.
19:35 of 2nd period - Wrist shot by Frank Vatrano.
19:35 of 2nd period - Shot Misses the Net.
19:37 of 2nd period - Wrist shot by Frank Vatrano.
19:37 of 2nd period - Goal by Frank Vatrano - Jets : 4 - Red Wings : 4.
19:38 of 2nd period - Henrik Zetterberg wins face-off versus Ryan Johansen in neutral zone.
Goals for this period are 4 for Jets vs 2 for Red Wings.
Shots for this period are 15 for Jets vs 17 for Red Wings.
3rd period
0:01 of 3rd period - Henrik Zetterberg wins face-off versus Ryan Johansen in neutral zone.
0:39 of 3rd period - Dougie Hamilton is hit by Mike Richards.
0:51 of 3rd period - Snap shot by Tyler Bertuzzi.
0:51 of 3rd period - Stopped by Jacob Markstrom without a rebound.
0:52 of 3rd period - T.J. Hensick wins face-off versus Max Domi in Jets zone.
0:59 of 3rd period - Snap shot by Adam Gaudette.
0:59 of 3rd period - Goal by Adam Gaudette - Jets : 4 - Red Wings : 5.
1:00 of 3rd period - Ryan Johansen wins face-off versus Marko Dano in neutral zone.
1:27 of 3rd period - Kris Versteeg is hit by Dougie Hamilton and loses puck.
2:38 of 3rd period - Wrist shot by Connor Brown.
2:38 of 3rd period - Shot Blocked by Adam Henrique.
2:50 of 3rd period - Snap shot by Alexander Wennberg.
2:50 of 3rd period - Shot Misses the Net.
3:08 of 3rd period - Slapshot by Dougie Hamilton.
3:08 of 3rd period - Shot Blocked by Rasmus Ristolainen.
4:01 of 3rd period - Snap shot by Kris Versteeg.
4:01 of 3rd period - Shot Blocked by Marco Scandella.
4:09 of 3rd period - Wrist shot by Kris Versteeg.
4:09 of 3rd period - Shot Blocked by Brent Burns.
4:27 of 3rd period - Snap shot by Sam Reinhart.
4:27 of 3rd period - Stopped by Mike McKenna without a rebound.
4:28 of 3rd period - Noel Acciari wins face-off versus Henrik Zetterberg in Red Wings zone.
6:08 of 3rd period - Wrist shot by Sergei Kostitsyn.
6:08 of 3rd period - Stopped by Jacob Markstrom with a rebound.
6:43 of 3rd period - Wrist shot by Sergei Kostitsyn.
6:43 of 3rd period - Shot Blocked by Brent Burns.
6:49 of 3rd period - Wrist shot by Jussi Jokinen.
6:49 of 3rd period - Deflect By Sam Reinhart.
6:49 of 3rd period - Stopped by Mike McKenna with a rebound.
6:53 of 3rd period - Wrist shot by Jussi Jokinen.
6:53 of 3rd period - Shot Misses the Net.
6:55 of 3rd period - Slapshot by Jussi Jokinen.
6:55 of 3rd period - Shot Misses the Net.
6:57 of 3rd period - Slapshot by Marco Scandella.
6:57 of 3rd period - Stopped by Mike McKenna without a rebound.
6:58 of 3rd period - Marko Dano wins face-off versus Ryan Johansen in Red Wings zone.
7:13 of 3rd period - Snap shot by Connor Brown.
7:13 of 3rd period - Stopped by Jacob Markstrom without a rebound.
7:14 of 3rd period - Mike Richards wins face-off versus Alexander Wennberg in Jets zone.
7:21 of 3rd period - Slapshot by Rasmus Ristolainen.
7:21 of 3rd period - Stopped by Jacob Markstrom without a rebound.
7:22 of 3rd period - Alexander Wennberg wins face-off versus Mike Richards in Jets zone.
7:22 of 3rd period - Alexander Wennberg is hit by Kris Versteeg.
8:08 of 3rd period - Snap shot by Rickard Rakell.
8:08 of 3rd period - Shot Misses the Net.
9:10 of 3rd period - Icing by Alexander Wennberg.
9:11 of 3rd period - Anthony Mantha wins face-off versus Henrik Zetterberg in Jets zone.
9:44 of 3rd period - Slapshot by Ryan Johansen.
9:44 of 3rd period - Goal by Ryan Johansen - Jets : 5 - Red Wings : 5.
9:45 of 3rd period - Ryan Johansen wins face-off versus Connor Brown in neutral zone.
9:58 of 3rd period - Slapshot by Adam Henrique.
9:58 of 3rd period - Deflect By Ryan Johansen.
9:58 of 3rd period - Stopped by Mike McKenna without a rebound.
9:59 of 3rd period - Ryan Johansen wins face-off versus Henrik Zetterberg in Red Wings zone.
10:02 of 3rd period - Snap shot by Tyler Toffoli.
10:02 of 3rd period - Shot Misses the Net.
10:04 of 3rd period - Slapshot by Dougie Hamilton.
10:04 of 3rd period - Stopped by Mike McKenna without a rebound.
10:05 of 3rd period - Ryan Johansen wins face-off versus Henrik Zetterberg in Red Wings zone.
10:25 of 3rd period - Icing by Adam Henrique.
10:26 of 3rd period - Ryan Johansen wins face-off versus Mike Richards in Jets zone.
10:41 of 3rd period - Wrist shot by Ryan Johansen.
10:41 of 3rd period - Shot Misses the Net.
10:58 of 3rd period - Snap shot by Frank Vatrano.
10:58 of 3rd period - Deflect By Kyle Okposo.
10:58 of 3rd period - Stopped by Mike McKenna with a rebound.
11:34 of 3rd period - Slapshot by Philip Samuelsson.
11:34 of 3rd period - Shot Misses the Net.
12:00 of 3rd period - David Rundblad is hit by Adam Larsson.
12:07 of 3rd period - Minor Penalty to Tyler Toffoli for Slashing.
12:08 of 3rd period - Ryan Johansen wins face-off versus Henrik Zetterberg in Jets zone.
12:08 of 3rd period - Ryan Johansen is hit by Henrik Zetterberg.
12:13 of 3rd period - Slapshot by Jeff Schultz.
12:13 of 3rd period - Stopped by Mike McKenna with a rebound.
12:21 of 3rd period - Snap shot by Anthony Mantha.
12:21 of 3rd period - Stopped by Mike McKenna without a rebound.
12:22 of 3rd period - Henrik Zetterberg wins face-off versus Ryan Johansen in Red Wings zone.
14:07 of 3rd period - Penalty to Tyler Toffoli is over, Tyler Toffoli is back on ice.
14:17 of 3rd period - Sam Reinhart is hit by Sergei Kostitsyn and loses puck.
14:34 of 3rd period - T.J. Hensick is hit by Marco Scandella and loses puck.
14:54 of 3rd period - Off-side.
14:55 of 3rd period - Alexander Wennberg wins face-off versus Michael Haley in neutral zone.
15:00 of 3rd period - Slapshot by Troy Stetcher.
15:00 of 3rd period - Stopped by Mike McKenna with a rebound.
15:02 of 3rd period - Snap shot by Rickard Rakell.
15:02 of 3rd period - Shot Blocked by Philip Samuelsson.
15:04 of 3rd period - Slapshot by Adam Larsson.
15:04 of 3rd period - Shot Blocked by Carson Mcmillan.
15:06 of 3rd period - Slapshot by Adam Larsson.
15:06 of 3rd period - Shot Blocked by Sergei Kostitsyn.
15:38 of 3rd period - Snap shot by Rickard Rakell.
15:38 of 3rd period - Shot Misses the Net.
15:40 of 3rd period - Snap shot by Rickard Rakell.
15:40 of 3rd period - Stopped by Mike McKenna without a rebound.
15:41 of 3rd period - Henrik Zetterberg wins face-off versus Max Domi in Red Wings zone.
15:41 of 3rd period - Henrik Zetterberg is hit by Frank Vatrano.
15:51 of 3rd period - Slapshot by Drew Fata.
15:51 of 3rd period - Deflect By Marko Dano.
15:51 of 3rd period - Stopped by Jacob Markstrom with a rebound.
15:53 of 3rd period - Snap shot by Marko Dano.
15:53 of 3rd period - Stopped by Jacob Markstrom with a rebound.
15:55 of 3rd period - Snap shot by Henrik Zetterberg.
15:55 of 3rd period - Stopped by Jacob Markstrom without a rebound.
15:56 of 3rd period - Ryan Johansen wins face-off versus T.J. Hensick in Jets zone.
15:58 of 3rd period - Minor Penalty to Ryan Johansen for Hooking.
15:59 of 3rd period - Henrik Zetterberg wins face-off versus Kyle Okposo in Jets zone.
16:21 of 3rd period - Minor Penalty to Anthony Mantha for Holding.
16:22 of 3rd period - Henrik Zetterberg wins face-off versus Kyle Okposo in Jets zone.
16:33 of 3rd period - Wrist shot by Henrik Zetterberg.
16:33 of 3rd period - Shot Misses the Net.
16:35 of 3rd period - Wrist shot by Henrik Zetterberg.
16:35 of 3rd period - Deflect By Connor Brown.
16:35 of 3rd period - Stopped by Jacob Markstrom without a rebound.
16:36 of 3rd period - Kyle Okposo wins face-off versus Henrik Zetterberg in Jets zone.
17:15 of 3rd period - Icing by Tyler Bertuzzi.
17:16 of 3rd period - Alexander Wennberg wins face-off versus Mike Richards in Red Wings zone.
17:37 of 3rd period - Slapshot by Teuvo Teravainen.
17:37 of 3rd period - Stopped by Jacob Markstrom without a rebound.
17:38 of 3rd period - Henrik Zetterberg wins face-off versus Kyle Okposo in Jets zone.
17:43 of 3rd period - Wrist shot by Connor Brown.
17:43 of 3rd period - Stopped by Jacob Markstrom with a rebound.
17:58 of 3rd period - Penalty to Ryan Johansen is over, Ryan Johansen is back on ice.
18:21 of 3rd period - Penalty to Anthony Mantha is over, Anthony Mantha is back on ice.
18:53 of 3rd period - Teuvo Teravainen is hit by Tyler Toffoli.
19:20 of 3rd period - Slapshot by Max Domi.
19:20 of 3rd period - Stopped by Mike McKenna without a rebound.
19:21 of 3rd period - Mike Richards wins face-off versus Ryan Johansen in Red Wings zone.
Goals for this period are 1 for Jets vs 1 for Red Wings.
Shots for this period are 12 for Jets vs 11 for Red Wings.
Overtime #1
0:01 of 1st overtime period - Connor Brown wins face-off versus Ryan Johansen in neutral zone.
0:14 of 1st overtime period - Slapshot by Marko Dano.
0:14 of 1st overtime period - Shot Blocked by Marco Scandella.
0:16 of 1st overtime period - Snap shot by Connor Brown.
0:16 of 1st overtime period - Shot Blocked by Ryan Johansen.
0:54 of 1st overtime period - Snap shot by Max Domi.
0:54 of 1st overtime period - Shot Misses the Net.
0:56 of 1st overtime period - Slapshot by Anthony Mantha.
0:56 of 1st overtime period - Shot Misses the Net.
1:39 of 1st overtime period - Marko Dano is hit by Marco Scandella and loses puck.
1:56 of 1st overtime period - Drew Fata is hit by Adam Larsson and loses puck.
2:45 of 1st overtime period - Brent Burns is hit by Mike Richards and loses puck.
3:34 of 1st overtime period - Rasmus Ristolainen is hit by Kyle Okposo and loses puck.
4:08 of 1st overtime period - Philip Samuelsson is hit by Rickard Rakell and loses puck.
4:37 of 1st overtime period - Snap shot by Teuvo Teravainen.
4:37 of 1st overtime period - Stopped by Jacob Markstrom without a rebound.
4:38 of 1st overtime period - Connor Brown wins face-off versus Ryan Johansen in Jets zone.
4:57 of 1st overtime period - Dougie Hamilton is hit by Teuvo Teravainen and loses puck.
Goals for this period are 0 for Jets vs 0 for Red Wings.
Shots for this period are 0 for Jets vs 1 for Red Wings.
ShootOut
5:00 of 1st overtime period - Round #1.
5:00 of 1st overtime period - Jets, Ryan Johansen.
5:00 of 1st overtime period - Wrist shot by Ryan Johansen.
5:00 of 1st overtime period - Stopped by Mike McKenna.
5:00 of 1st overtime period - Red Wings, Connor Brown.
5:00 of 1st overtime period - Wrist shot by Connor Brown.
5:00 of 1st overtime period - Stopped by Jacob Markstrom.
5:00 of 1st overtime period - Round #2.
5:00 of 1st overtime period - Jets, Tyler Toffoli.
5:00 of 1st overtime period - Deke by Tyler Toffoli.
5:00 of 1st overtime period - Stopped by Mike McKenna.
5:00 of 1st overtime period - Red Wings, Marko Dano.
5:00 of 1st overtime period - Wrist shot by Marko Dano.
5:00 of 1st overtime period - Stopped by Jacob Markstrom.
5:00 of 1st overtime period - Round #3.
5:00 of 1st overtime period - Jets, Adam Henrique.
5:00 of 1st overtime period - Backhand shot by Adam Henrique.
5:00 of 1st overtime period - Goal by Adam Henrique.
5:00 of 1st overtime period - Red Wings, Kris Versteeg.
5:00 of 1st overtime period - Snap shot by Kris Versteeg.
5:00 of 1st overtime period - Shot Misses the Net.